 Dungeon Crawl Stone Soup version 0.32-a0-673-g3729bd50f8 (webtiles) character file.

Game seed: 1284228809760639546

256 Esekla the Conjurer (level 5, -1/41 HPs)
             Began as a Mountain Dwarf Wanderer on Mar 11, 2024.
             Slain by Natasha (8 damage)
             ... on level 3 of the Dungeon.
             The game lasted 00:26:38 (3167 turns).

Esekla the Conjurer (Mountain Dwarf Wanderer)       Turns: 3167, Time: 00:26:38

Health: -1/41      AC: 11    Str: 20    XL:     5   Next: 92%
Magic:  7/7        EV:  1    Int: 15    God:
Gold:   181        SH:  0    Dex:  9    Spells: 2/7 levels left

rFire   . . .        s - +0 dagger (protect)
rCold   + . .        (no shield)
rNeg    . . .        c - +0 leather armour
rPois   .            (no helmet)
rElec   .            (no cloak)
rCorr   .            d - +0 pair of gloves
SInv    .            (no boots)
Will    .....        k - amulet "Trusted Companion" {Regen+ RegenMP+}
Stlth   +            b - +6 ring of strength
HPRegen 1.06/turn    r - ring of protection from cold
MPRegen 0.50/turn

%: no passive effects
@: about to teleport, under a protective aura, constricted
A: runic magic, artefact enchanting
a: no special abilities


You were on level 3 of the Dungeon.
You visited 1 branch of the dungeon, and saw 3 of its levels.

You collected 181 gold pieces.

Inventory:

Hand Weapons
 a - a +0 falchion of venom
 s - a +0 dagger of protection (weapon)
Armour
 c - a +0 leather armour (worn)
 d - a +0 pair of gloves (worn)
Jewellery
 b - a +6 ring of strength (left hand)
 h - a ring of ice
 k - the amulet "Trusted Companion" (around neck) {Regen+ RegenMP+}
   (You found it on level 2 of the Dungeon)

   [amulet of magic regeneration]

   It increases your rate of magic regeneration.
   Regen+:    It increases your rate of health regeneration.
   RegenMP+:  It increases your rate of magic regeneration.
 r - a ring of protection from cold (right hand)
 t - a ring of resist corrosion
Scrolls
 l - a scroll of fog {unknown}
 n - 2 scrolls of brand weapon
 p - a scroll of enchant weapon {unknown}
 q - a scroll of immolation {unknown}
 u - a scroll of fear {unknown}
Potions
 e - a potion of might {unknown}
 f - 3 potions of heal wounds {unknown}
 g - 3 potions of curing
 i - a potion of berserk rage {unknown}
 m - a potion of ambrosia {unknown}
 v - a potion of haste {unknown}
 w - 2 potions of lignification


   Skills:
 * Level 1.9 Fighting
 + Level 0.6(1.1) Short Blades
 + Level 1.5(1.6) Long Blades
 * Level 2.1 Axes
 * Level 2.7 Armour
 + Level 0.7 Dodging
 - Level 1.4 Stealth
 * Level 1.5 Spellcasting
 + Level 3.8 Conjurations
 - Level 1.0 Summonings
 * Level 1.3 Air Magic
 * Level 1.2 Alchemy
 + Level 1.1 Evocations


You had 2 spell levels left.
You knew the following spells:

 Your Spells              Type           Power      Damage    Failure   Level
c - Mephitic Cloud        Conj/Alch/Air  7%         N/A       30%         3
e - Searing Ray           Conj           24%        2d5       8%          2

Your spell library contained the following spells:

 Spells                   Type           Power      Damage    Failure   Level
 Magic Dart               Conj           48%        1d5       4%          1
 Sting                    Conj/Alch      32%        1d5       9%          1
 Summon Small Mammal      Summ           16%        N/A       16%         1
 Dazzling Flash           Conj/Hex       12%        N/A       32%         3
 Summon Ice Beast         Ice/Summ       2%         N/A       52%         3
 Fulminant Prism          Conj/Alch      4%         3d5       65%         4
 Silence                  Hex/Air        1%         N/A       99%         5
 Curse of Agony           Necr           1%         N/A       100%        5


Dungeon Overview and Level Annotations

Branches:
Dungeon (3/15)

Altars:
Ashenzari

Annotations:
D:3 1 runed translucent door, Crazy Yiuf, Natasha


Innate Abilities, Weirdness & Mutations

Your spellcasting is much less encumbered by armour.
You can use scrolls of enchantment on lesser artefacts.


Message History

You barely miss Natasha. Natasha claws you but does no damage.
The cerulean imp hits you with a +2 spear.
You closely miss Natasha. Natasha claws you.
The cerulean imp hits you with a +2 spear.
Natasha stares at you and mumbles some strange words.
The magic dart hits you.
The ball python hisses angrily.
You hit Natasha but do no damage.
Natasha is poisoned.
The cerulean imp hits you with a +2 spear.
Natasha claws you.
The cerulean imp hits you from afar with a +2 spear.
Natasha attacks as she pursues you! Natasha claws you.
* * * LOW HITPOINT WARNING * * *
The black bear growls angrily.
Your +0 falchion of venom stops dripping with poison.
Your +0 dagger of protection hums with potential!
s - a +0 dagger of protection (weapon)
Natasha stares at you and mumbles some strange words.
The magic dart hits you!
* * * LOW HITPOINT WARNING * * *
You hit Natasha but do no damage.
Your weapon exudes an aura of protection.
Natasha is heavily wounded.
Natasha claws you but does no damage.
As you read the scroll of teleportation, it crumbles to dust.
You feel strangely unstable.
The cerulean imp hits you but does no damage.
Natasha casts a spell at you. The magic dart hits you.
* * * LOW HITPOINT WARNING * * *
You barely miss the ball python. The ball python misses you.
The ball python grabs you. The ball python constricts you.
The cerulean imp hits you but does no damage.
The ball python bites you but does no damage.
The ball python constricts you.
You closely miss Natasha.
Natasha is severely wounded.
Natasha claws you!
You die...
Natasha curls up and begins to purr.

##.....#b ##....#g .###
#......# +.. #...[..# #.##
#......###..# #.....#hlo#.#
#.....Sbg...#
######.........###
#.@Sh.l........#
############h####.........#
####...........5.............#
.....##########..............#
.##### ########.............##
..# #.............#.....## ..#
#..#####......####### ..#
##...####......# ..#
###..#...........########.#


You could see a black bear, Natasha (poisoned), a cerulean imp (summoned), a
ball python and a frilled lizard.

Vanquished Creatures
  A scorpion (D:3)
  6 gnolls
  8 adders
  A ribbon worm (D:3)
  An orc (D:3)
  8 ball pythons
  4 endoplasms
  3 giant cockroaches
  9 hobgoblins
  3 quokkas
  5 bats
  3 frilled lizards
  3 goblins
  7 kobolds
  10 rats
72 creatures vanquished.

Notes
Turn   | Place    | Note
-------+----------+-------------------------------------------
     0 | D:1      | Esekla the Mountain Dwarf Wanderer began the quest for the
                  | Orb.
     0 | D:1      | Esekla set off with the following items: a +0 club, a
                  | potion of curing, a +0 leather armour, a +0 pair of gloves;
                  | and the following spells available to memorise: Sting,
                  | Summon Small Mammal, Mephitic Cloud, Summon Ice Beast,
                  | Fulminant Prism.
     0 | D:1      | Reached XP level 1. HP: 14/14 MP: 2/2
   242 | D:1      | Reached skill level 1 in Axes
   245 | D:1      | Reached XP level 2. HP: 14/20 MP: 3/3
   965 | D:2      | Identified the amulet "Trusted Companion" {Regen+ RegenMP+}
  1004 | D:2      | Reached XP level 3. HP: 27/27 MP: 4/4
  1213 | D:2      | Reached skill level 1 in Fighting
  1270 | D:1      | Learned a level 3 spell: Mephitic Cloud
  1611 | D:2      | Reached XP level 4. HP: 35/35 MP: 3/5
  1896 | D:2      | Learned a level 2 spell: Searing Ray
  1962 | D:2      | Reached skill level 1 in Long Blades
  2016 | D:2      | Found a broken altar of Ashenzari.
  2027 | D:2      | Found a faded altar of an unknown god.
  2098 | D:2      | Reached skill level 1 in Alchemy
  2549 | D:3      | Reached XP level 5. HP: 40/40 MP: 4/7
  2721 | D:3      | Found a runed translucent door.
  2722 | D:3      | Noticed Crazy Yiuf
  2791 | D:3      | Noticed a black bear
  2799 | D:3      | Reached skill level 1 in Air Magic
  3154 | D:3      | Noticed Natasha
  3167 | D:3      | Slain by Natasha

Illustrated notes

Levels and vault maps discovered:
D:1:      dpeg_arrival_signposts, layout_basic, amcnicky_mini_corridor_feature,
          chequers_jeans
D:2:      minmay_wonky_spiral, layout_basic, shapermc_ecumenical_altar_gd,
          basic_altar, chequers_serial_rivers_micro_a, grunt_ministairs_6
D:3:      layout_rooms, nicolae_overflow_ecumenical_swirl,
          minmay_fractal_squares_diagonal_5, uniq_crazy_yiuf_cottage,
          uniq_natasha

Skill      XL: |  1  2  3  4  5 |
---------------+----------------+-----
Axes           | 1 2 |  2.1
Fighting       | 1 |  1.9
Long Blades    | 1 |  1.5
Alchemy        | 1 |  1.2
Armour         | 2 |  2.7
Air Magic      | 1 |  1.3
Short Blades   | |  0.6
Dodging        | |  0.7
Stealth        | |  1.4
Spellcasting   | |  1.5
Conjurations   | |  3.8
Summonings     | |  1.0
Evocations     | |  1.1

Action                     |  1- 3 |  4- 6 || total
---------------------------+-------+-------++-------
  Melee: Dagger            |   109 |     8 ||   117
         Club              |    24 |       ||    24
         Falchion          |    44 |   135 ||   179
   Cast: Mephitic Cloud    |     2 |     2 ||     4
         Searing Ray       |       |     2 ||     2
    Use: Potion            |     1 |       ||     1
         Scroll            |       |     5 ||     5
   Stab: Sleeping          |     5 |       ||     5
 Armour: Leather armour    |   108 |   130 ||   238
  Dodge: Dodged            |   104 |   104 ||   208

Table legend: (Time is in decaauts)
 A = Elapsed time spent in this place.
 B = Non-inter-level travel time spent in this place.
 C = Inter-level travel time spent in this place.
 D = Time resting spent in this place.
 E = Time spent auto-exploring this place.
 F = Levels seen in this place.
 G = Mean time per level.
                   A        B        C        D        E       F      G
               +--------+--------+--------+--------+--------+-----+--------+
         Total |   3218 |   3160 |     58 |    535 |    864 |   3 | 1072.7 |
       Dungeon |   3218 |   3160 |     58 |    535 |    864 |   3 | 1072.7 |
               +--------+--------+--------+--------+--------+-----+--------+

Top non-repeatable levels by time:
     D:2: 1689 daAuts
     D:1: 1014 daAuts
     D:3: 514 daAuts
